 Dungeon Crawl Stone Soup version 0.26.1-11-gd32895ea62 (webtiles) character file.

Game seed: 15379872390225035227

182 Zeld the Sneak (level 5, 0/34 HPs)
             Began as an Octopode Brigand on May 14, 2021.
             Slain by an adder (1 damage)
             ... on level 3 of the Dungeon.
             The game lasted 00:02:35 (3006 turns).

Zeld the Sneak (Octopode Brigand)                   Turns: 3006, Time: 00:02:35

Health: 0/34       AC:  1    Str: 11    XL:     5   Next: 61%
Magic:  8/8        EV: 13    Int: 14    God:
Gold:   135        SH:  0    Dex: 13    Spells: 8/8 levels left

rFire    . . .     SeeInvis .   a - +2 dagger
rCold    . . .     Faith    .   (no shield)
rNeg     . . .     Spirit   .   (helmet restricted)
rPois    .         Reflect  .   (no amulet)
rElec    .         Harm     .   (no ring)
rCorr    .         Rampage  .   (no ring)
Will     .....                  (no ring)
Stlth    ++++......             (no ring)
HPRegen  0.11/turn              (no ring)
MPRegen  0.11/turn              (no ring)
                                (no ring)
                                (no ring)

@: no status effects
A: almost no armour, stealthy swim, amphibious, 8 rings, constrict 8, camouflage
1, gelatinous body 1
a: no special abilities


You were on level 3 of the Dungeon.
You visited 1 branch of the dungeon, and saw 3 of its levels.

You collected 135 gold pieces.

Inventory:

Hand Weapons
 a - a +2 dagger (weapon)
Missiles
 b - 19 poisoned darts (quivered)
 c - 2 curare-tipped darts
Jewellery
 j - an uncursed ring of stealth {unknown}
Wands
 l - a wand of enslavement (8)
Scrolls
 d - 3 scrolls of teleportation {unknown}
 h - 2 scrolls of blinking {unknown}
 i - a scroll of identify {unknown}
Potions
 e - a potion of might {unknown}
 f - 2 potions of magic {unknown}
 g - a potion of attraction {unknown}
 k - a potion of flight {unknown}


   Skills:
 - Level 2.0 Fighting
 - Level 2.0 Short Blades
 * Level 4.7 Throwing
 - Level 1.0 Dodging
 - Level 5.3 Stealth
 + Level 2.4 Spellcasting


You had 8 spell levels left.
You didn't know any spells.
Your spell library was empty.

Dungeon Overview and Level Annotations

Branches:
Dungeon (3/15)

Altars:


Innate Abilities, Weirdness & Mutations

You cannot wear most types of armour.
You are very stealthy in the water. (Stealth+)
You are amphibious.
You can wear up to eight rings at the same time.
You can use your tentacles to constrict eight enemies at once.
Your skin changes colour to match your surroundings (Stealth+).
Your rubbery body absorbs attacks. (AC +1, EV +1)


Message History

The jackal bites you but does no damage.
The jackal misses you.
You barely miss the jackal. You grab the jackal. You constrict the jackal.
The jackal bites you.
* * * LOW HITPOINT WARNING * * *
You hit the jackal.
The jackal is heavily wounded.
You constrict the jackal. The jackal bites you.
* * * LOW HITPOINT WARNING * * *
Unknown command.
Okay, then.
You hit the jackal.
You kill the jackal!
The jackal stops to sniff the ground.
The adder completely misses you.
You closely miss the adder. Your grab misses the adder.
The adder barely misses you.
You closely miss the adder. You grab the adder. You constrict the adder.
The adder bites you.
You die...

...........#
...........##
#........
............#
#.......
..........#.###......
........###..##.....
........# ##.##....
........# #.##...
........# #..##.#
........# ##.##@#
........# #..#S# #
#######.#h##.#
........gh...#
.#######..######
######.>......
#....†.#######
#......# #......#


You could see an adder, 2 jackals and a hobgoblin.

Vanquished Creatures
  An orc wizard (D:3)
  7 adders (D:2)
  2 oozes
  2 worms
  A dart slug (D:2)
  2 leopard geckos
  4 orcs
  A giant cockroach (D:1)
  9 hobgoblins
  5 jackals
  4 kobolds
  2 quokkas
  2 bats
  8 frilled lizards
  12 goblins
  11 rats
73 creatures vanquished.

Notes
Turn   | Place    | Note
-------+----------+-------------------------------------------
     0 | D:1      | Zeld the Octopode Brigand began the quest for the Orb.
     0 | D:1      | Reached XP level 1. HP: 14/14 MP: 1/1
   210 | D:1      | Reached XP level 2. HP: 15/19 MP: 2/2
   631 | D:1      | Reached skill level 1 in Spellcasting
   641 | D:1      | Reached XP level 3. HP: 24/24 MP: 4/4
  1504 | D:2      | Reached XP level 4. HP: 26/29 MP: 6/6
  2043 | D:2      | Reached XP level 5. HP: 34/34 MP: 8/8
  3003 | D:3      | HP: 1/34 [jackal (3)]
  3006 | D:3      | Slain by an adder

Illustrated notes

Levels and vault maps discovered:
D:1:      giann_forest_graveyard, layout_basic
D:2:      layout_loops_cross
D:3:      layout_basic, uniq_sigmund

Skill      XL: |  1  2  3  4 |
---------------+-------------+-----
Throwing       | 3 4 |  4.7
Spellcasting   | 1 2 |  2.4
Fighting       | |  2.0
Short Blades   | |  2.0
Dodging        | |  1.0
Stealth        | |  5.3

Action                   |  1- 3 |  4- 6 || total
-------------------------+-------+-------++-------
Melee: Dagger            |    61 |   101 ||   162
       Constrict         |    10 |    26 ||    36
       Tentacles         |     5 |    17 ||    22
 Stab: Sleeping          |    11 |    10 ||    21
Armor: Skin              |       |     9 ||     9
Dodge: Dodged            |    32 |    83 ||   115
